 Dungeon Crawl Stone Soup version 0.22-a0-619-ga0c6fd2 (webtiles) character file.

29 Hebeh the Firebug (level 3, -7/19 HPs)
             Began as a Deep Elf Fire Elementalist on July 15, 2018.
             Mangled by an iguana (14 damage)
             ... on level 2 of the Dungeon.
             The game lasted 00:04:16 (859 turns).

Hebeh the Firebug (Deep Elf Fire Elementalist)       Turns: 859, Time: 00:04:17

Health: -7/19      AC:  3    Str:  5    XL:     3   Next: 1%
Magic:  5/10       EV: 13    Int: 20    God:
Gold:   38         SH:  0    Dex: 15    Spells: 8/9 levels left

rFire    . . .     SeeInvis .   d - +0 club
rCold    . . .     Gourm    .   (no shield)
rNeg     . . .     Faith    .   a - +0 robe
rPois    .         Spirit   .   (no helmet)
rElec    .         Reflect  .   (no cloak)
rCorr    .         Harm     .   n - +0 pair of gloves
MR       .....                  (no boots)
Stlth    ++........             (no amulet)
HPRegen  0.06/turn              (no ring)
MPRegen  0.12/turn              (no ring)

@: very slightly contaminated
A: no striking features
a: no special abilities


You were on level 2 of the Dungeon.
You were not hungry.

You visited 1 branch of the dungeon, and saw 2 of its levels.

You collected 38 gold pieces.

Inventory:

Hand Weapons
 d - a +0 club (weapon)
Missiles
 e - 23 arrows
 l - 34 stones (quivered)
Armour
 a - a +0 robe (worn)
 b - a +2 buckler
 n - a +0 pair of gloves (worn)
Scrolls
 g - 3 scrolls of identify {unknown}
 i - 2 scrolls of remove curse {unknown}
 m - a scroll of teleportation {unknown}
Potions
 f - a potion of flight {unknown}
 h - a potion of haste {unknown}
 j - 2 potions of lignification {unknown}
 k - a potion of curing {unknown}
Comestibles
 c - 3 rations
 o - a chunk of flesh


   Skills:
 - Level 2.4 Dodging
 - Level 2.4 Stealth
 + Level 3.5 Spellcasting
 * Level 2.4 Conjurations
 + Level 3.6 Fire Magic


You had 8 spell levels left.
You knew the following spells:

 Your Spells              Type           Power        Failure   Level  Hunger
a - Flame Tongue          Conj/Fire      ###..        3%          1    None

Your spell library contained the following spells:

 Spells                   Type           Power        Failure   Level  Hunger
 Fireball                 Conj/Fire      ###.......   71%         5    ######.
 Conjure Flame            Conj/Fire      ###.....     12%         3    ###....
 Throw Flame              Conj/Fire      ###...       6%          2    ##.....
 Sticky Flame             Conj/Fire      ###.....     36%         4    ####...
 Inner Flame              Hex/Fire       ##......     19%         3    ###....


Dungeon Overview and Level Annotations

Branches:
Dungeon (2/15)

Altars:


Message History

The iguana bites you!
Ouch! That really hurt!
Casting: Flame Tongue (safe; 3% risk of failure)
Confirm with . or Enter, or press ? or * to list all spells.
Aiming: Flame Tongue (safe; 3% risk of failure)
Press: ? - help, Shift-Dir - straight line, f/p - iguana
Aim: an iguana (lightly wounded)
The flame tongue hits the iguana.
The iguana is moderately wounded.
The iguana barely misses you.
Casting: Flame Tongue (safe; 3% risk of failure)
Confirm with . or Enter, or press ? or * to list all spells.
Aiming: Flame Tongue (safe; 3% risk of failure)
Press: ? - help, Shift-Dir - straight line, f/p - iguana
Aim: an iguana (moderately wounded)
You miscast Flame Tongue.
You are very lightly contaminated with residual magic.
Nothing appears to happen.
The iguana bites you!
Ouch! That really hurt!
You die...

#.#....# #
#.#....#.#
#.#...†..#
#.#...##.# #
#..<.....#
#.###......#
#......<...#
#......#.#.#
#......@l#.#
#..#.......#
#..........#
#.##.####....#
#....# #####
.....# .....
....


You could see an iguana.

Vanquished Creatures
  An ooze (D:1)
  A dart slug (D:1)
  7 bats
  A giant cockroach (D:1)
  2 hobgoblins (D:1)
  6 kobolds
  3 frilled lizards (D:1)
  4 rats (D:1)
25 creatures vanquished.

Notes
Turn   | Place    | Note
-------+----------+-------------------------------------------
     0 | D:1      | Hebeh the Deep Elf Fire Elementalist began the quest for the Orb.
     0 | D:1      | Reached XP level 1. HP: 10/10 MP: 6/6
   268 | D:1      | Reached XP level 2. HP: 13/15 MP: 1/8
   801 | D:2      | Reached XP level 3. HP: 18/19 MP: 6/10
   859 | D:2      | Mangled by an iguana

Vault maps used:
D:1:      ncdulo_lavacross
D:2:      nicolae_overflow_crystal_walls, first_ration

Skill      XL: |  1  2 |
---------------+-------+-----
Conjurations   | 2 |  2.4
Dodging        | |  2.4
Stealth        | |  2.4
Spellcasting   | |  3.5
Fire Magic     | |  3.6

Action                   || total
-------------------------++-------
Melee: Club              ||    14
 Cast: Flame Tongue      ||    44
Armor: Robe              ||    11
Dodge: Dodged            ||    27

Table legend:
 A = Spawn XP
 B = Non-spawn XP
 C = Spawn XP percentage of total XP
 D = Spawn monster count
 E = Non-spawn monster count
 F = Spawn count percentage of total count
 G = Total turns spent on level
                    A         B        C        D         E        F      G
               +---------+---------+-------+---------+---------+-------+---------
         Total |       0 |      42 |   0.0 |       0 |      25 |   0.0 |   859
               +---------+---------+-------+---------+---------+-------+---------
           D:1 |       0 |      39 |   0.0 |       0 |      22 |   0.0 |   793
           D:2 |       0 |       3 |   0.0 |       0 |       3 |   0.0 |    66
               +---------+---------+-------+---------+---------+-------+---------
